 Dungeon Crawl Stone Soup version 0.21.1-76-ge1a4835 (webtiles) character file.

91 Robin the Grasshopper (level 4, -1/40 HPs)
             Began as a Gnoll Warper on Aug 20, 2018.
             Slain by an orc
             ... wielding a +0 flail
              (3 damage)
             ... on level 7 of the Dungeon.
             The game lasted 00:54:09 (3221 turns).

Robin the Grasshopper (Gnoll Warper)                Turns: 3221, Time: 00:54:09

Health: -1/40      AC: 12    Str: 14    XL:     4   Next: 57%
Magic:  5/12       EV:  9    Int: 20    God:
Gold:   105        SH:  0    Dex: 15    Spells: 13/15 levels left

rFire    . . .     SeeInvis .   l - -3 hand axe (curse)
rCold    . . .     Gourm    .   (no shield)
rNeg     . . .     Faith    .   u - +0 chain mail
rPois    .         Spirit   .   (no helmet)
rElec    .         Reflect  .   (no cloak)
rCorr    .         Harm     .   (no gloves)
MR       .....     Rnd*Rage +   (no boots)
Stlth    ..........             (no amulet)
HPRegen  0.13/turn              q - ring of flight
MPRegen  0.13/turn              (no ring)

@: brilliant, very slightly contaminated
A: distributed training, claws 1, fangs 1, thin metallic scales 1, berserk 1,
shaggy fur 1, strong nose
a: Evoke Flight


You were on level 7 of the Dungeon.
You were not hungry.

You visited 1 branch of the dungeon, and saw 7 of its levels.

You collected 105 gold pieces.

Inventory:

Hand Weapons
 a - a +1 falchion
 e - a +0 dagger
 h - a +0 dagger
 i - a +0 dagger
 k - a +0 dagger
 l - a cursed -3 hand axe (weapon)
 m - a +0 dagger
 o - a +0 short sword
 p - a +0 falchion
 r - a +0 rapier
Missiles
 g - 66 stones (quivered)
 t - 17 arrows
 v - a throwing net
Armour
 b - a +0 leather armour
 u - a +0 chain mail (worn)
 z - a +0 ring mail
Jewellery
 q - a ring of flight (left claw)
Wands
 y - a wand of random effects (25)
Potions
 x - a potion of brilliance
Books
 c - a book of Spatial Translocations

   Spells                             Type                      Level
   a - Blink                          Translocation                2
   b - Shroud of Golubria             Charms/Translocation         2
   c - Lesser Beckoning               Translocation                3
   d - Gell's Gravitas                Translocation                3
   e - Teleport Other                 Translocation                3
   f - Passage of Golubria            Translocation                4
Comestibles
 f - 2 rations


   Skills:
 + Level 5.9 Fighting
 + Level 3.6 Short Blades
 + Level 5.9 Long Blades
 + Level 3.6 Axes
 + Level 3.6 Maces & Flails
 + Level 3.6 Polearms
 + Level 3.6 Staves
 + Level 3.6 Slings
 + Level 3.6 Bows
 + Level 3.6 Crossbows
 + Level 4.5 Throwing
 + Level 4.5 Armour
 + Level 5.9 Dodging
 + Level 3.6 Stealth
 + Level 3.6 Shields
 + Level 3.6 Unarmed Combat
 + Level 6.2 Spellcasting
 + Level 3.0 Conjurations
 + Level 3.0 Hexes
 + Level 3.0 Charms
 + Level 3.0 Summonings
 + Level 3.0 Necromancy
 + Level 6.3 Translocations
 + Level 3.0 Transmutations
 + Level 3.0 Fire Magic
 + Level 3.0 Ice Magic
 + Level 3.0 Air Magic
 + Level 3.0 Earth Magic
 + Level 3.0 Poison Magic
 + Level 4.0 Invocations
 + Level 3.6 Evocations


You had 13 spell levels left.
You knew the following spells:

 Your Spells              Type           Power        Failure   Level  Hunger
a - Blink                 Tloc           N/A          3%          2    None


Dungeon Overview and Level Annotations

Branches:
Dungeon (7/15)
 Temple: D:4-7

Altars:
Ashenzari
Kikubaaqudgha
Makhleb
Nemelex Xobeh
Uskayaw


Innate Abilities, Weirdness & Mutations

Your experience applies equally to all skills.
You have very sharp teeth.
Your uncanny sense of smell can sniff out nearby items.
You have sharp fingernails.
You are partially covered in thin metallic scales. (AC +2)
You tend to lose your temper in combat.
You are covered in fur. (AC +1)


Message History

As you read the scroll of blinking, it crumbles to dust.
You open the door.
There is an open door here.
The bullfrog hits you.
* * * LOW HITPOINT WARNING * * *
As you read the scroll labeled TOIHIA POET, it crumbles to dust.
The creatures around you are filled with an inner flame!
It was a scroll of immolation.
The bullfrog barely misses you.
Casting: Blink
Confirm with . or Enter, or press ? or * to list all spells.
You blink.
Casting: Blink
Confirm with . or Enter, or press ? or * to list all spells.
You blink.
The bullfrog snags a nearby butterfly with its tongue.
Found 5 gold pieces.
Casting: Blink
Confirm with . or Enter, or press ? or * to list all spells.
You blink.
The orc hits you with a flail.
You die...

.........#......## ..
..........'o.....# ...
#..##....##.......#
...##..##....##.......#
...........+........#
..........#........+
##..###...####....## #
#(.###...####..!.# #..
#...'o@.....#.....
#....##...#.......#
+......F..#.......#
#........§#.......#
..######..######+##
#..# .... ∆ ......
.......$


You could see a bullfrog (inner flame) and an orc.

Vanquished Creatures
  A jelly (D:7)
  An orc (D:3)
  2 giant cockroaches (D:2)
  4 hobgoblins
  A ball python (D:3)
  2 bats (D:2)
  A frilled lizard (D:2)
  6 goblins
  5 kobolds
  2 rats (D:3)
25 creatures vanquished.

Notes
Turn   | Place    | Note
-------+----------+-------------------------------------------
     0 | D:1      | Robin the Gnoll Warper began the quest for the Orb.
     0 | D:1      | Reached XP level 1. HP: 20/20 MP: 6/6
   212 | D:2      | Found a burning altar of Makhleb.
   212 | D:2      | Noticed a cacodemon
   228 | D:2      | Found a sparkling altar of Nemelex Xobeh.
   228 | D:2      | Found a shattered altar of Ashenzari.
   229 | D:2      | Found a hide-covered altar of Uskayaw.
   280 | D:2      | Reached XP level 2. HP: 26/26 MP: 7/7
   304 | D:2      | Learned a level 2 spell: Blink
   483 | D:2      | Noticed a neqoxec
   483 | D:2      | Noticed a neqoxec
  1101 | D:2      | Found an ancient bone altar of Kikubaaqudgha.
  1866 | D:3      | Learned a level 2 spell: Blink
  1885 | D:3      | Reached XP level 3. HP: 31/31 MP: 9/9
  2485 | D:5      | Entered Level 5 of the Dungeon
  3184 | D:7      | Noticed a bullfrog
  3190 | D:7      | Gained mutation: You have sharp fingernails. [potion of mutation]
  3190 | D:7      | Gained mutation: You are partially covered in thin metallic scales. (AC +2) [potion of mutation]
  3190 | D:7      | Gained mutation: You tend to lose your temper in combat. [potion of mutation]
  3190 | D:7      | Gained mutation: You are covered in fur. (AC +1) [potion of mutation]
  3206 | D:7      | HP: 1/31 [bullfrog (3)]
  3207 | D:7      | Reached skill level 5 in Fighting
  3207 | D:7      | Reached skill level 5 in Long Blades
  3207 | D:7      | Reached skill level 5 in Dodging
  3207 | D:7      | Reached XP level 4. HP: 2/40 MP: 10/12
  3217 | D:7      | HP: 1/40 [bullfrog (2)]
  3221 | D:7      | Slain by an orc

Skill      XL: |  1  2  3 |
---------------+----------+-----
Fighting       | 5 |  5.9
Short Blades   | 3 |  3.6
Long Blades    | 5 |  5.9
Axes           | 3 |  3.6
Maces & Flails | 3 |  3.6
Polearms       | 3 |  3.6
Staves         | 3 |  3.6
Slings         | 3 |  3.6
Bows           | 3 |  3.6
Crossbows      | 3 |  3.6
Throwing       | 4 |  4.5
Armour         | 4 |  4.5
Dodging        | 5 |  5.9
Stealth        | 3 |  3.6
Shields        | 3 |  3.6
Unarmed Combat | 3 |  3.6
Spellcasting   | 6 |  6.2
Conjurations   | 3 |  3.0
Hexes          | 3 |  3.0
Charms         | 3 |  3.0
Summonings     | 3 |  3.0
Necromancy     | 3 |  3.0
Translocations | 6 |  6.3
Transmutations | 3 |  3.0
Fire Magic     | 3 |  3.0
Ice Magic      | 3 |  3.0
Air Magic      | 3 |  3.0
Earth Magic    | 3 |  3.0
Poison Magic   | 3 |  3.0
Invocations    | 4 |  4.0
Evocations     | 3 |  3.6

Action                   |  1- 3 |  4- 6 || total
-------------------------+-------+-------++-------
Melee: Falchion          |    45 |       ||    45
       Short sword       |    14 |       ||    14
       Bite              |     7 |       ||     7
       Rapier            |     5 |       ||     5
       Hand axe          |     9 |       ||     9
Throw: Stone             |    45 |       ||    45
       Tomahawk          |     5 |       ||     5
       Throwing net      |     2 |       ||     2
 Cast: Blink             |     3 |     3 ||     6
Evoke: Wand              |    14 |     1 ||    15
  Use: Scroll            |     3 |     2 ||     5
       Potion            |     3 |     1 ||     4
  Eat: Chunk             |     5 |       ||     5
       Ration            |     1 |       ||     1
Armor: Leather armour    |    11 |       ||    11
       Chain mail        |    11 |     4 ||    15
Dodge: Dodged            |    81 |     4 ||    85
       Rpst.: Falchion   |    11 |       ||    11
